[Event "*** Titled Tuesday 3|2 Blitz"]
[Site "Chess.com"]
[Date "2015.10.06"]
[Round "6"]
[White "KyronGriffith"]
[Black "Gabrinsky"]
[Result "0-1"]
[WhiteElo "2236"]
[BlackElo "2479"]
[TimeControl "180+2"]
[EndTime "18:15:43 PDT"]
[Termination "Gabrinsky won by resignation"]

1. e4 e6 2. d3 d5 3. Nd2 Nf6 4. Ngf3 Bc5 5. Be2 dxe4 6. Nxe4 Be7 7. c3 b6 8. O-O Bb7 9. Qc2 O-O 10. Bg5 Nbd7 11.
Rad1 h6 12. Bh4 c5 13. Rfe1 Re8 14. a4 Rc8 15. Nxf6+ Bxf6 16. Bxf6 Nxf6 17. d4 Qc7 18. dxc5 Qxc5 19. Qd3 e5 20. Qb5 Qc7 21. Nh4 e4 22. Nf5 Re5 23. Nxh6+ gxh6 24. Qb4 Qc5 25. Qb3 Bd5 26. Qc2 e3 27. f4 Be4 28. Qb3 Re7 29. Rd4 Kh8 30. Rc4 Qf5 31. Qb4 Ree8 32. Rd4 Rg8 33.
g3 Qxf4 0-1

[Event "*** Titled Tuesday 3|2 Blitz"]
[Site "Chess.com"]
[Date "2015.10.06"]
[Round "6"]
[White "Zvonokchess"]
[Black "josiwales"]
[Result "1-0"]
[WhiteElo "2490"]
[BlackElo "2040"]
[TimeControl "180+2"]
[EndTime "18:15:47 PDT"]
[Termination "Zvonokchess won by resignation"]

1. Nf3 f5 2. d3 Nf6 3. e4 g6 4.
exf5 gxf5 5. Nc3 Bg7 6. g3 O-O 7. Bg2 d6 8. d4 Nc6 9. d5 Ne5 10. O-O Kh8 11. Nd4 Qe8 12. Ncb5 Qd8 13. Ne6 Bxe6 14.
dxe6 c6 15. Nd4 Ne4 16. Nxf5 Rxf5 17. Bxe4 Rf6 18. Bg5 Rxe6 19. Bf5 Qg8 20. Re1 Rf8 21. Bxe6 Qxe6 22. f4 Qh3 23. fxe5 Bxe5 24. Rxe5 dxe5 25. Qe2 Rf5 26. Bd2 h5 27. Rf1 Rxf1+ 28. Qxf1 1-0

[Event "*** Titled Tuesday 3|2 Blitz"]
[Site "Chess.com"]
[Date "2015.10.06"]
[Round "6"]
[White "HansCoolNiemann"]
[Black "Penguininja"]
[Result "1-0"]
[WhiteElo "2118"]
[BlackElo "2145"]
[TimeControl "180+2"]
[EndTime "18:15:48 PDT"]
[Termination "HansCoolNiemann won on time"]

1. d4 d5 2. c4 c6 3. Nf3 Nf6 4.
Nc3 e6 5. e3 Nbd7 6. b3 g6 7.
Be2 Bg7 8. Kf1 O-O 9. g3 b6 10. Kg2 Bb7 11. Ba3 Re8 12. Re1 c5 13. Kg1 dxc4 14.
Bxc4 Rc8 15. Nb5 Ne4 16. Bd3 cxd4 17. Nfxd4 Nc3 18. Nxc3 Rxc3 19. Nb5 Rc8 20. Nd6 Ne5 21. Nxb7 Qxd3 22. Nd6 Qxd1 23. Rexd1 Nf3+ 24. Kg2 Bxa1 25. Kxf3 Bf6 26. Nxe8 Rxe8 27. Rd7 Ra8 28. Bd6 a5 29. Rb7 Ra6 30. Bc7 a4 31. b4 Bc3 32. b5 Ra5 33.
Bxb6 Ra8 34. Bc7 1-0

[Event "*** Titled Tuesday 3|2 Blitz"]
[Site "Chess.com"]
[Date "2015.10.06"]
[Round "6"]
[White "gmjlh"]
[Black "pKiLz5Rn9b"]
[Result "1-0"]
[WhiteElo "2611"]
[BlackElo "2393"]
[TimeControl "180+2"]
[EndTime "18:16:13 PDT"]
[Termination "gmjlh won by resignation"]

1. e4 e6 2. d4 d5 3. Nd2 Nf6 4.
e5 Nfd7 5. Bd3 c5 6. c3 Nc6 7.
Ne2 cxd4 8. cxd4 f6 9. exf6 Nxf6 10. O-O Bd6 11. Nf3 Qc7 12. g3 O-O 13. Bf4 Ng4 14.
h3 e5 15. dxe5 Ngxe5 16. Nxe5 Bxe5 17. Kg2 Qd7 18. Rh1 Bxb2 19. Bxh7+ Kxh7 20. Qc2+ Qf5 21. Qxb2 Be6 22. g4 Qg6 23. f3 d4 24. Bg3 Bd5 25.
Raf1 Bc4 26. Nf4 Qh6 27. Qc2+ g6 28. Qxc4 Rxf4 29. Bxf4 Qxf4 30. h4 Re8 31. h5 g5 32.
h6 Ne5 33. Qc7+ Qf7 34. Qxf7+ Nxf7 35. Re1 Rc8 36. Re7 Kg6 37. h7 Rh8 38. Rxb7 Nd6 39. Rd7 1-0

[Event "*** Titled Tuesday 3|2 Blitz"]
[Site "Chess.com"]
[Date "2015.10.06"]
[Round "6"]
[White "spirals5"]
[Black "ltpnj"]
[Result "0-1"]
[WhiteElo "2156"]
[BlackElo "2333"]
[TimeControl "180+2"]
[EndTime "18:16:28 PDT"]
[Termination "ltpnj won by checkmate"]

1. e4 c5 2. Nc3 Nc6 3. g3 g6 4.
Bg2 Bg7 5. d3 e6 6. f4 Nge7 7. Be3 b6 8. e5 d5 9. Bf2 h5 10. Nf3 Bb7 11. h3 a6 12. Qd2 Qd7 13.
O-O-O O-O-O 14. g4 Bh6 15. Kb1 Kb8 16. d4 c4 17. Ne2 Rc8 18. Ng5 Bxg5 19. fxg5 b5 20. gxh5 Rxh5 21. Bf3 Rhh8 22. h4 b4 23. h5 gxh5 24.
Rxh5 a5 25. Rxh8 Rxh8 26. Rh1 Rxh1+ 27. Bxh1 a4 28. c3 b3 29. a3 Na7 30. Qf4 Nf5 31.
Ng3 Nxg3 32. Bxg3 Nb5 33. Bf3 Qe7 34. Qc1 Bc6 35. Bf4 Be8 36. Bd2 Kc7 37. Bf4 Kb6 38. Bd2 Qf8 39. Bg4 Qg7 40. Qf1 Qg6+ 41. Ka1 Nxa3 42.
bxa3 Qc2 43. Qb1 Qxd2 44. Bh5 Qxc3+ 45. Qb2 Qe1+ 46. Qb1 Qxb1+ 47. Kxb1 c3 48. Kc1 b2+ 49. Kc2 Bb5 50. Bxf7 Bd3+ 51. Kxc3 b1=Q 52. Bxe6 Qc2+ 53.
Kb4 Qc4# 0-1

[Event "*** Titled Tuesday 3|2 Blitz"]
[Site "Chess.com"]
[Date "2015.10.06"]
[Round "6"]
[White "dsanchez1973"]
[Black "ChessFrois"]
[Result "1-0"]
[WhiteElo "1963"]
[BlackElo "1819"]
[TimeControl "180+2"]
[EndTime "18:16:33 PDT"]
[Termination "dsanchez1973 won by resignation"]

1. e4 c5 2. Nf3 d6 3. d4 cxd4 4. Nxd4 Nf6 5. Nc3 a6 6. Be3 e6 7.
g4 b5 8. g5 Nfd7 9. h4 Bb7 10.
f3 Be7 11. Bd3 Ne5 12. Qe2 Nbd7 13. f4 Nxd3+ 14. cxd3 Qa5 15. Nb3 Qc7 16. Rc1 Nc5 17. O-O O-O 18. Nd4 b4 19. Nd1 Qd7 20. Nf2 a5 21. h5 Rac8 22. Kh2 d5 23. e5 Kh8 24.
Nf3 f5 25. exf6 gxf6 26. Bd4 Qd6 27. Nh3 Nd7 28. Rfe1 e5 29. fxe5 fxe5 30. Nxe5 Rxc1 31. Rxc1 Rf5 32. Re1 Bxg5 33. Kh1 Kg8 34. Qg4 Nxe5 35.
Qxf5 Nf7 36. Re8+ Qf8 37. Rxf8+ Kxf8 38. Nxg5 1-0

[Event "*** Titled Tuesday 3|2 Blitz"]
[Site "Chess.com"]
[Date "2015.10.06"]
[Round "6"]
[White "Viaje"]
[Black "Jahonas"]
[Result "1-0"]
[WhiteElo "2216"]
[BlackElo "2060"]
[TimeControl "180+2"]
[EndTime "18:16:35 PDT"]
[Termination "Viaje won by resignation"]

1. d4 c6 2. c4 d5 3. Nf3 Nf6 4. Qc2 g6 5. Bf4 Bf5 6. Qb3 Qb6 7. e3 Nbd7 8. Nc3 Bg7 9. h3 O-O 10. c5 Qxb3 11. axb3 a5 12. Bc7 Bc2 13. Nd2 Ne4 14. Ncxe4 dxe4 15. Rc1 Bd3 16. Bxd3 exd3 17. Rc3 Rfc8 18.
Bg3 e5 19. Rxd3 exd4 20. exd4 Re8+ 21. Kd1 Nf6 22. Re1 Rxe1+ 23. Kxe1 Nd5 24. Nf3 f6 25. Kd1 Kf7 26. Nd2 f5 27. Nc4 Ke6 28. Be5 Bf8 29. g4 a4 30. gxf5+ gxf5 31. Ne3 a3 32. bxa3 Rxa3 33.
Nc4 Ra1+ 34. Ke2 Rb1 35. Rg3 Rh1 36. Bd6 Bxd6 37. Nxd6 Nf4+ 38. Kf3 Nxh3 39. Kg2 Nxf2 40. Kxf2 Rd1 41. Re3+ Kd5 42. Nxf5 Rd2+ 43. Kf3 Rxd4 44. Nxd4 Kxd4 45. Re7 Kxc5 46. Rxb7 1-0

[Event "*** Titled Tuesday 3|2 Blitz"]
[Site "Chess.com"]
[Date "2015.10.06"]
[Round "6"]
[White "Iball95"]
[Black "cheese111"]
[Result "1-0"]
[WhiteElo "2340"]
[BlackElo "2162"]
[TimeControl "180+2"]
[EndTime "18:16:52 PDT"]
[Termination "Iball95 won by resignation"]

1. e4 e5 2. Nf3 Nc6 3. Bb5 a6 4. Ba4 Nf6 5. O-O Be7 6. Re1 b5 7. Bb3 d6 8. a4 b4 9. h3 O-O 10.
d3 Nd7 11. Bd5 Bb7 12. Nbd2 Na5 13. Ba2 c5 14. Nf1 Re8 15. Ng3 g6 16. Bh6 Nf8 17. Qd2 Ne6 18. Rf1 Bf8 19. h4 Bxh6 20. Qxh6 Qf6 21.
Nf5 Ng7 22. Ng5 Nxf5 23. exf5 b3 24. Qxh7+ Kf8 25. cxb3 Bd5 26. b4 Bxa2 27. bxa5 Bd5 28. f4 Qg7 29. fxe5 Qxh7 30. Nxh7+ Kg7 31. Ng5 Rxe5 32.
f6+ Kg8 33. Rae1 Rae8 34. Rxe5 Rxe5 35. Rf4 Re2 36. b4 Rxg2+ 37. Kf1 cxb4 38. Rxb4 Rxg5 39. hxg5 Bc6 40. Rb6 Bxa4 41. Rxa6 d5 42. Rd6 1-0

[Event "*** Titled Tuesday 3|2 Blitz"]
[Site "Chess.com"]
[Date "2015.10.06"]
[Round "6"]
[White "chess960now"]
[Black "NMofPuppets"]
[Result "1-0"]
[WhiteElo "1969"]
[BlackElo "2162"]
[TimeControl "180+2"]
[EndTime "18:17:02 PDT"]
[Termination "chess960now won by resignation"]

1. d4 d5 2. c4 c6 3. Nf3 Nf6 4. e3 e6 5. Bd3 dxc4 6. Bxc4 b5 7. Bb3 Nbd7 8. O-O a6 9. Nc3 Be7 10. e4 c5 11. e5 cxd4 12. exf6 Bxf6 13. Nxd4 O-O 14.
Be3 Bb7 15. f3 Rc8 16. Bc2 Qe7 17. Be4 Bd5 18. Bxd5 exd5 19. Nxd5 Qe5 20. Nxf6+ Nxf6 21. Bf2 Rfd8 22. Nc6 Rxd1 23. Nxe5 Rxa1 24. Rxa1 Rc2 25. Rb1 Nd5 26. g3 f6 27. Nd7 Nb4 28. a3 Nd3 29. Bd4 Kf7 30. Nb6 Ke6 31. Rd1 Nxb2 32.
Bxb2 Rxb2 33. Nd7 Ke7 34. Nc5 a5 35. Rd7+ Kf8 36. Ra7 Rc2 37. Ne6+ Kg8 38. Rxa5 Kf7 39. Nd4 Rc4 40. Nxb5 Rc1+ 41. Kg2 Rc2+ 42. Kh3 Rf2 43. f4 Rf3 44. Ra7+ Kg6 45. Nd6 Rd3 46. Ne8 Kh6 47. Nxg7 Rd5 48. a4 Rh5+ 49. Nxh5 Kxh5 50. Rxh7+ Kg6 51. Ra7 1-0

[Event "*** Titled Tuesday 3|2 Blitz"]
[Site "Chess.com"]
[Date "2015.10.06"]
[Round "6"]
[White "UltimateCrusher2"]
[Black "Makalexa"]
[Result "1-0"]
[WhiteElo "2016"]
[BlackElo "1955"]
[TimeControl "180+2"]
[EndTime "18:17:21 PDT"]
[Termination "UltimateCrusher2 won by resignation"]

1. e4 e5 2. Nf3 Nc6 3. Bb5 Nd4 4. Nxd4 exd4 5. O-O Bc5 6. d3 c6 7. Bc4 d5 8. exd5 cxd5 9. Re1+ Kf8 10. Bb3 Be6 11.
Nd2 Qf6 12. Qf3 Rd8 13. Qxf6 Nxf6 14. Nf3 g6 15. Bf4 Nd7 16. Bh6+ Kg8 17. Ng5 Bf8 18. Nxe6 fxe6 19. Bg5 Re8 20. Bxd5 Nc5 21. b4 Kf7 22. Bf3 Na6 23. a3 b6 24. Bf4 Bg7 25. Re2 Nb8 26. Rae1 Rhf8 27. Bxb8 Rxb8 28. Rxe6 Rfe8 29. Bd5 Rxe6 30.
Rxe6 Rd8 31. Bb3 Kf8 32. Kf1 Rd7 33. Rc6 Ke7 34. Rc8 Rd8 35. Rc6 Rd6 36. Rc4 a5 37. bxa5 bxa5 38. Rc5 Ra6 39. Rc7+ Kd6 40. Rxg7 a4 41.
Bc4 Rb6 42. Rxh7 Ke5 43. Ra7 Kf4 44. Rxa4 Rb2 45. Bb3 Ke5 46. Ke2 1-0

[Event "*** Titled Tuesday 3|2 Blitz"]
[Site "Chess.com"]
[Date "2015.10.06"]
[Round "6"]
[White "simplerXiao"]
[Black "lorcho"]
[Result "0-1"]
[WhiteElo "2427"]
[BlackElo "2601"]
[TimeControl "180+2"]
[EndTime "18:17:24 PDT"]
[Termination "lorcho won by resignation"]

1. e4 c6 2. d4 g6 3. Nc3 d5 4.
h3 dxe4 5. Nxe4 Bg7 6. Nf3 Nf6 7. Nxf6+ exf6 8. Bd3 O-O 9. O-O Na6 10. a3 Nc7 11. c4 b6 12. Re1 Bb7 13. Bd2 Ne6 14.
Bc3 Re8 15. Bf1 Re7 16. Qc2 Rd7 17. Rad1 Qc7 18. b4 Rad8 19. b5 cxb5 20. cxb5 Rc8 21.
Re3 Nf4 22. Qb3 Nd5 23. Bb4 Nxe3 24. Qxe3 Qd8 25. Qf4 Bxf3 26. Qxf3 Rxd4 27. Re1 Rd7 28. g3 f5 29. Qb3 h5 30. h4 Bd4 31. Bg2 Rdc7 32. Bc6 Qf6 33. Qf3 a5 34. Bd2 Re7 35.
Rd1 Qe6 36. Bg5 Bf6 37. Bd5 Qe5 38. Bf4 Qc3 39. Qg2 Re1+ 40. Rxe1 Qxe1+ 41. Kh2 Kg7 42. Bc6 Bd4 43. Be3 Bxe3 44. fxe3 Qxe3 45. Qb2+ Kg8 46. Qf6 Qd2+ 47. Kh3 Rd8 48. Qe5 Qd6 49. Qe2 Qxa3 50. Qf2 Qc5 51. Qf4 Rc8 52. Qg5 a4 53. Qf6 a3 54. Bd7 Qc3 55. Qe7 Rf8 56. Be6 fxe6 57. Qxe6+ Kg7 58. Qd7+ Rf7 0-1

[Event "*** Titled Tuesday 3|2 Blitz"]
[Site "Chess.com"]
[Date "2015.10.06"]
[Round "6"]
[White "Po6Don"]
[Black "Bab3s"]
[Result "0-1"]
[WhiteElo "2020"]
[BlackElo "2121"]
[TimeControl "180+2"]
[EndTime "18:17:35 PDT"]
[Termination "Bab3s won on time"]

1. e4 e5 2. Nf3 Nc6 3. Bc4 Bc5 4. b4 Bxb4 5. c3 Ba5 6. d4 d6 7. Qb3 Qd7 8. O-O Bb6 9. a4 a6 10. dxe5 Na5 11. Qa2 Nxc4 12. Qxc4 Ne7 13. a5 Bc5 14. exd6 cxd6 15. e5 O-O 16. Rd1 Qe6 17. Qxe6 Bxe6 18. exd6 Nf5 19. Ba3 Bxa3 20. Nxa3 Rfd8 21. Rab1 Nxd6 22.
Nd4 Bd5 23. f3 Rac8 24. Ne2 Be6 25. Kf2 Kf8 26. Rb6 Ke7 27. Re1 Rc5 28. c4 Rxa5 29. Nc2 Rd7 30. Ne3 Ra2 31. Kg1 a5 32. Nf4 Kd8 33.
c5 Nc8 34. Rxe6 fxe6 35. Nxe6+ Ke7 36. Nf5+ Kf6 37. g4 Rdd2 38. Nf4 Rxh2 39. Re6+ Kg5 40.
Nd3 Rag2+ 41. Kf1 Rd2 0-1

[Event "*** Titled Tuesday 3|2 Blitz"]
[Site "Chess.com"]
[Date "2015.10.06"]
[Round "6"]
[White "Assasin14"]
[Black "LePlusMortel"]
[Result "0-1"]
[WhiteElo "1748"]
[BlackElo "2387"]
[TimeControl "180+2"]
[EndTime "18:17:38 PDT"]
[Termination "LePlusMortel won by checkmate"]

1. e4 a5 2. d4 a4 3. Nf3 e6 4.
c4 d6 5. Nc3 Bd7 6. Be2 g6 7.
O-O Bg7 8. Bg5 f6 9. Be3 e5 10. dxe5 fxe5 11. Bg5 Bf6 12. h4 h6 13. Bxf6 Nxf6 14. Qc2 b6 15. Nd5 O-O 16. Rad1 Nc6 17.
Nxf6+ Qxf6 18. h5 g5 19. Nh2 Nd4 20. Qd2 a3 21. b3 Kg7 22. Bg4 Bc6 23. f3 Qf4 24. Qxf4 gxf4 25. Rxd4 exd4 26. Rd1 Be8 27. Rxd4 Kf6 28. g3 fxg3 29. Nf1 Bf7 30. Nxg3 Ke5 31. Nf5 Be6 32. Rd2 Bxf5 33. Bxf5 Kf4 34. Kf2 Ra5 35. Rd1 Rg8 36. Bg6 Rg5 37. Rd2 Rg3 38. Rd3 Ra8 39.
Bf5 Rg5 40. Bg6 Raa5 41. Rd5 Raxd5 42. cxd5 Rg3 43. Ke2 Rxf3 44. Kd1 Rxb3 45. axb3 a2 46. e5 Kxe5 47. Bb1 axb1=Q+ 48. Kd2 Kd4 49. b4 Qb2+ 50. Kd1 Ke3 51. Ke1 Qc1# 0-1

[Event "*** Titled Tuesday 3|2 Blitz"]
[Site "Chess.com"]
[Date "2015.10.06"]
[Round "6"]
[White "3f32"]
[Black "HubertKnott"]
[Result "1-0"]
[WhiteElo "2278"]
[BlackElo "1984"]
[TimeControl "180+2"]
[EndTime "18:17:47 PDT"]
[Termination "3f32 won by resignation"]

1. d4 d5 2. c4 e6 3. Nf3 Nf6 4. g3 c5 5. cxd5 cxd4 6. dxe6 Bb4+ 7. Bd2 Bxd2+ 8. Qxd2 Bxe6 9. Qxd4 O-O 10. Qxd8 Rxd8 11.
Bg2 Nc6 12. Nc3 Nb4 13. O-O Rac8 14. Rfd1 Rxd1+ 15. Rxd1 Nxa2 16. Nxa2 Bxa2 17. Bh3 Ra8 18. Ne5 g6 19. Bg2 Rb8 20. Ra1 Bd5 21. Rxa7 Bxg2 22.
Kxg2 Kf8 23. f4 Ke8 24. Kf3 Nd7 25. Ke4 Nxe5 26. Kxe5 Ke7 27. b4 f6+ 28. Kd5 Kd7 29. b5 Kc7 30. Kc5 Re8 31. b6+ Kb8 32. Ra2 Rc8+ 33. Kd5 Rc6 34. Rb2 Kc8 35. e4 Kd7 36. e5 fxe5 37. Kxe5 Rc1 38. Rd2+ Ke7 39. f5 Re1+ 40. Kd5 gxf5 41. Rc2 Rd1+ 42. Ke5 Rd7 43.
Kxf5 Kd8 44. g4 Rd6 45. Rc7 Rxb6 46. Rxh7 Rb5+ 47. Kf6 Rb6+ 48. Kg7 Rc6 49. g5 b5 50. Rh4 Rc4 51. Rh6 Kc7 52. g6 b4 53. Kf7 Rf4+ 54. Ke6 Rg4 55. Kf5 Rg2 56. Rh3 Kd7 57. Kf6 Rf2+ 58.
Kg7 Ke7 59. Kh7 Rg2 60. g7 Kf7 61. Rf3+ Ke7 62. h4 Rh2 1-0

[Event "*** Titled Tuesday 3|2 Blitz"]
[Site "Chess.com"]
[Date "2015.10.06"]
[Round "6"]
[White "facu57"]
[Black "Tal-Baronfew"]
[Result "0-1"]
[WhiteElo "2522"]
[BlackElo "2751"]
[TimeControl "180+2"]
[EndTime "18:17:52 PDT"]
[Termination "Tal-Baronfew won by resignation"]

1. e4 e6 2. d4 d5 3. exd5 exd5 4. Nf3 Bd6 5. Bd3 Nf6 6. O-O O-O 7. Bg5 c6 8. c3 Bg4 9. Nbd2 Nbd7 10. h3 Bh5 11. Qc2 Qc7 12. Rfe1 Rae8 13. Rxe8 Rxe8 14. Re1 Rxe1+ 15. Nxe1 Bg6 16. Bxg6 hxg6 17. Nd3 Nf8 18.
Qd1 Ne6 19. Bxf6 gxf6 20. Qe2 Kg7 21. g3 b6 22. Kg2 a5 23. a4 c5 24. Qf3 cxd4 25. Qxd5 dxc3 26. bxc3 Be7 27. c4 f5 28.
Nf3 Bf6 29. h4 Qe7 30. Nfe5 f4 31. Qd7 fxg3 32. Qxe7 Bxe7 33. fxg3 Bd6 34. Nf3 f6 35. Kf2 Kh6 36. Nd2 f5 37. Kf3 Kh5 38. Nf1 Nd4+ 39. Kf2 Kg4 40. Ne3+ Kh3 41. Nf4+ Bxf4 42. gxf4 Kxh4 43.
Nd5 Kg4 44. Ke3 Ne6 45. Nxb6 Nxf4 46. c5 Ne6 47. c6 Kg3 48. Nd5 f4+ 49. Kd3 f3 50.
Ne3 g5 51. Ke4 g4 52. Ke5 Nc7 53. Kd6 Na6 54. c7 Nxc7 55. Kxc7 Kf4 56. Nd5+ Ke4 57. Nf6+ Kf5 58. Nh5 f2 59. Ng3+ Kf4 60. Nf1 g3 61.
Nxg3 Kxg3 62. Kb6 f1=Q 0-1

[Event "*** Titled Tuesday 3|2 Blitz"]
[Site "Chess.com"]
[Date "2015.10.06"]
[Round "6"]
[White "IM_Michal_Luch"]
[Black "jbj"]
[Result "0-1"]
[WhiteElo "2357"]
[BlackElo "2314"]
[TimeControl "180+2"]
[EndTime "18:17:56 PDT"]
[Termination "jbj won by resignation"]

1. d4 Nf6 2. c4 e6 3. Nc3 Bb4 4.
Qc2 d5 5. a3 Bxc3+ 6. Qxc3 Ne4 7. Qc2 c5 8. dxc5 Nc6 9. Nf3 Qa5+ 10. Bd2 Qxc5 11. e3 Nxd2 12. Nxd2 d4 13. b4 Qe5 14. Nf3 Qf6 15. exd4 Nxd4 16. Nxd4 Qxd4 17. Rd1 Qe5+ 18.
Be2 Bd7 19. O-O Rd8 20. Bf3 b6 21. Rfe1 Qc7 22. c5 bxc5 23. bxc5 O-O 24. Rd6 Bb5 25. Qd2 Rc8 26. c6 Rfd8 27. Rd1 Rxd6 28. Qxd6 Qxd6 29. Rxd6 Kf8 30. h4 Rc7 31. Rd4 Ke7 32. Rb4 a6 33. a4 Bxc6 34. Bxc6 Rxc6 35. Rb7+ Kf6 36. Ra7 h5 37. g3 e5 38. Kg2 Ke6 39. Ra8 g6 40.
Kf3 Rc3+ 41. Kg2 Rc6 42. Kf3 Kf5 43. Ke3 f6 44. a5 Kg4 45. Ke2 f5 46. Ke3 f4+ 47.
gxf4 exf4+ 48. Ke4 Re6+ 49. Kd5 Rf6 50. Ke4 Kxh4 51. Kf3 g5 52. Ra7 g4+ 53. Kg2 f3+ 54. Kh2 Kg5 55. Rg7+ Kf4 56. Ra7 h4 57. Rb7 g3+ 58.
Kg1 Re6 59. fxg3+ hxg3 60. Rf7+ Ke3 61. Rb7 Rf6 62. Rb6 f2+ 63. Kf1 g2+ 64. Kxg2 0-1

[Event "*** Titled Tuesday 3|2 Blitz"]
[Site "Chess.com"]
[Date "2015.10.06"]
[Round "6"]
[White "zmaj23"]
[Black "AlexanderL"]
[Result "1/2-1/2"]
[WhiteElo "2332"]
[BlackElo "2538"]
[TimeControl "180+2"]
[EndTime "18:17:57 PDT"]
[Termination "Game drawn by agreement"]

1. e4 e6 2. d4 d5 3. Nc3 Nf6 4. Bg5 dxe4 5. Nxe4 Be7 6. Bxf6 gxf6 7. Nf3 a6 8. g3 b5 9. Bg2 Bb7 10. Nfd2 f5 11.
Nf6+ Bxf6 12. Bxb7 Ra7 13. Qf3 Qxd4 14. c3 Qd7 15.
O-O-O Qe7 16. Kb1 Kf8 17. Rhe1 c5 18. Bd5 Rd7 19. Bb3 c4 20. Bc2 h5 21. Bxf5 Qd8 22.
Ne4 exf5 23. Rxd7 Nxd7 24. Qxf5 Qe7 25. Rd1 Ne5 26. Nxf6 Nd3 27. Ne4 Kg7 28. f3 Rb8 29. Qxh5 b4 30. Qg4+ Kf8 31. Qh5 Kg7 32. cxb4 Rxb4 33.
Rd2 Rb5 34. Qg4+ Kh6 35. Qc8 Qe5 36. Qf8+ Kg6 37. Qg8+ Kh6 38. Qf8+ Kg6 39. Qg8+ Kh6 40. b3 cxb3 41. a3 Qc7 42. Qh8+ Kg6 43. Qg8+ Kh6 44. Qh8+ Kg6 45. Qg8+ Kh6 46. Qf8+ Kg6 1/2-1/2

[Event "*** Titled Tuesday 3|2 Blitz"]
[Site "Chess.com"]
[Date "2015.10.06"]
[Round "6"]
[White "Mornar1951"]
[Black "MFBerna"]
[Result "1-0"]
[WhiteElo "2615"]
[BlackElo "2151"]
[TimeControl "180+2"]
[EndTime "18:18:27 PDT"]
[Termination "Mornar1951 won by resignation"]

1. Nf3 d5 2. d4 Nf6 3. c4 e6 4. g3 Be7 5. Bg2 O-O 6. O-O dxc4 7. Qc2 a6 8. a4 Bd7 9. Qxc4 Bc6 10. Bg5 Bxf3 11.
Bxf3 Nc6 12. Rd1 Ne5 13. Qb3 Nxf3+ 14. Qxf3 c5 15. Be3 e5 16. d5 e4 17. Qf5 Qd7 18.
Qxd7 Nxd7 19. Nc3 f5 20. a5 Bd6 21. Na4 Rac8 22. Rac1 Rc7 23. b3 Rfc8 24. Nb2 Ne5 25.
Bf4 Rd8 26. Bxe5 Bxe5 27. Nc4 Bd6 28. Rc2 Kf8 29. f3 exf3 30. exf3 f4 31. Kf2 fxg3+ 32.
hxg3 Rdd7 33. Re2 Rd8 34. Re6 Rcd7 35. f4 Bb8 36. d6 Re8 37. f5 g6 38. g4 gxf5 39.
gxf5 Rf7 40. d7 Rxf5+ 41. Kg2 Rd8 42. Rde1 Rxd7 43. Re8+ Kg7 44. Rxb8 Rg5+ 45. Kh3 Rd3+ 46. Re3 Rxe3+ 47. Nxe3 Re5 48. Rxb7+ Kg6 49. Nc4 Re6 50.
Rb6 Kf6 51. Kg4 Ke7 52. Kf5 Rxb6 53. axb6 Kd7 54. Na5 Kd6 55. Kg5 Kd7 56. Kh6 Kd6 57. Kxh7 Kd7 58. Kg6 1-0

[Event "*** Titled Tuesday 3|2 Blitz"]
[Site "Chess.com"]
[Date "2015.10.06"]
[Round "6"]
[White "StellarChessPro"]
[Black "jcibarra"]
[Result "0-1"]
[WhiteElo "2247"]
[BlackElo "2489"]
[TimeControl "180+2"]
[EndTime "18:19:07 PDT"]
[Termination "jcibarra won by resignation"]

1. d4 Nf6 2. Bg5 c5 3. Bxf6 gxf6 4. d5 Qb6 5. Qc1 f5 6. e3 Bg7 7. c3 d6 8. Ne2 Nd7 9. Nf4 Nf6 10. Be2 e5 11.
dxe6 fxe6 12. O-O e5 13. Nh5 Nxh5 14. Bxh5+ Kd8 15. c4 Be6 16. Be2 Kc7 17. Rd1 Rad8 18.
Nc3 Kb8 19. Nd5 Qc6 20. a4 e4 21.
Qc2 h5 22. Rab1 a5 23. b3 h4 24. h3 Be5 25. Qd2 b6 26. f4 Bg7 27. Qc2 Ka7 28. Rd2 Bf8 29. Qd1 Rd7 30. Kh2 Rg7 31. Nc3 Kb7 32.
Nb5 Rhg8 33. Bf1 Rd7 34. Qe1 Be7 35. Rbd1 Rg3 36. Qf2 Bf8 37. Be2 d5 38. cxd5 Rxd5 39. Bc4 Rd3 40. Bxe6 Qxe6 41. Rxd3 exd3 42. Rxd3 c4 43.
bxc4 Bb4 44. Qe2 Qc6 45. Rd5 Qg6 46. Rd7+ Kc8 47. Rc7+ Kb8 48. Rd7 Kc8 49. Rd5 Bc5 50. Nd4 Bxd4 51. exd4 Ra3 52. Qf1 Qg3+ 53. Kh1 Qc3 54.
Kh2 Qg3+ 55. Kh1 Qc3 56. Kh2 Ra1 57. Qf3 Qe1 58. Rc5+ Kb8 59. Rc8+ Kxc8 60. Qc6+ Kd8 61.
Qxb6+ Ke7 62. Qc7+ Kf8 63. Qd8+ Kf7 64. Qd7+ Kg6 65.
Qd6+ Kh5 66. g3 0-1

[Event "*** Titled Tuesday 3|2 Blitz"]
[Site "Chess.com"]
[Date "2015.10.06"]
[Round "6"]
[White "ItalianMachine"]
[Black "ilmago"]
[Result "0-1"]
[WhiteElo "2177"]
[BlackElo "1885"]
[TimeControl "180+2"]
[EndTime "18:19:38 PDT"]
[Termination "ilmago won by resignation"]

1. e4 c5 2. Nf3 d6 3. d4 cxd4 4. Nxd4 Nf6 5. Bd3 Nc6 6. Nxc6 bxc6 7. O-O e5 8. c4 Be7 9. Nc3 O-O 10. Qe2 Be6 11.
Rd1 Qb6 12. b3 Rfd8 13. Bb2 Bg4 14. Qc2 Bxd1 15. Rxd1 a5 16. a3 Qb7 17. Nb1 Rab8 18. Nd2 d5 19. exd5 cxd5 20. Bxe5 Rbc8 21. Bf5 Rc6 22.
Nf3 g6 23. Bd3 dxc4 24. Bxc4 Rxd1+ 25. Qxd1 a4 26. Ng5 axb3 27. Bxf7+ Kg7 28. Bd5 Qd7 29. h3 h6 30. Ne4 Rb6 31. Nxf6 Bxf6 32. Bxf6+ Rxf6 33.
Qxb3 Qa7 34. Bf3 Qd4 35. a4 Rb6 36. Qc2 Qa1+ 37. Kh2 Qe5+ 38. g3 Rb2 39. Qc6 Rxf2+ 40. Bg2 Rf6 41. Qb7+ Rf7 42. Qb3 Rc7 43. Qb5 Qxb5 44.
axb5 Rc2 45. b6 Rb2 46. b7 Kf6 47.
h4 Ke5 48. Kh3 Rb3 49. Kg4 h5+ 50. Kh3 Kd4 51. Bc6 Rb6 52. Be8 Rxb7 53. Bxg6 Rb5 54.
g4 Rb3+ 55. Kg2 hxg4 56. h5 Ke5 57. Bf7 Rh3 58. Bg6 Kf4 59. Be8 Rh4 60. Bg6 g3 61.
Be8 Rh2+ 62. Kg1 Kf3 63. Bc6+ Kg4 64. Be8 Kg5 65. Bf7 Rf2 66. Bg6 Re2 67. Kf1 Ra2 68. Kg1 Kg4 69. Be8 Ra7 70. Kg2 Re7 71. Bg6 Re2+ 72.
Kf1 g2+ 73. Kg1 Kg3 0-1

[Event "*** Titled Tuesday 3|2 Blitz"]
[Site "Chess.com"]
[Date "2015.10.06"]
[Round "6"]
[White "Dlugy"]
[Black "Boryboy"]
[Result "1/2-1/2"]
[WhiteElo "2549"]
[BlackElo "2460"]
[TimeControl "180+2"]
[EndTime "18:20:05 PDT"]
[Termination "Game drawn by agreement"]

1. d4 e6 2. Bf4 Nf6 3. e3 d5 4. Nd2 Bd6 5. Bg3 c5 6. c3 Nc6 7.
Ngf3 Qc7 8. dxc5 Bxg3 9. hxg3 a5 10. Bb5 Qe7 11. b4 O-O 12. Qb1 e5 13. a3 e4 14. Nd4 Ne5 15. Be2 Bg4 16. N2b3 Bxe2 17. Kxe2 Nc4 18. Nd2 Nxd2 19. Kxd2 Ng4 20. Ke2 Ne5 21.
Qb3 Rfd8 22. Rad1 Qf6 23. Rh4 Nd3 24. f3 axb4 25. cxb4 Qa6 26. b5 Qf6 27. Rxd3 exd3+ 28. Qxd3 g6 29. Kf2 Rdc8 30. c6 bxc6 31. bxc6 Rab8 32. Qc2 Rb6 33. Rh1 Rcxc6 34. Qd2 Rc8 35. Rd1 Qd6 36. Ra1 Rcb8 37. Ra2 Rb1 38. a4 Qc5 39. a5 Qc4 40. g4 Qxa2 41. Qxa2 R1b2+ 42. Qxb2 Rxb2+ 43. Kg3 Ra2 44. Nc6 f6 45. Ne7+ Kf7 46. Nxd5 Rxa5 47. Nf4 Ra2 48.
e4 Ra3 49. Nh3 Ke6 50. Kf4 Ra2 51. Kg3 Ke5 52. Nf4 Kd4 53. Ne6+ Ke3 54. g5 fxg5 55. Nxg5 Ra7 56. Kg4 Re7 57. g3 Kd4 58. f4 h6 59.
Nf3+ Kxe4 60. Nh4 Re6 61. f5 gxf5+ 62. Kh5 f4 63. gxf4 Kxf4 64. Ng6+ Kf5 65. Nh4+ Ke4 66. Ng6 Ra6 67. Nh4 Kf4 68. Ng6+ Kf5 69. Nh4+ Ke5 70. Nf3+ Kf6 71. Kxh6 Ra3 72. Nh4 Ra8 73. Kh5 Ra4 74. Ng2 Kf5 75. Nh4+ Kf4 76. Ng6+ Kf5 77. Nh4+ Kf6 78.
Ng2 Rb4 79. Nh4 Rc4 80. Ng2 Re4 81. Nh4 Re1 82. Kg4 Rg1+ 83. Kf4 Ra1 84. Nf3 Ra4+ 85. Ke3 Kf5 86. Nd4+ Kg4 87. Ne2 Ra8 88. Nd4 Rd8 89. Ke4 Re8+ 90. Kd5 Kf4 91. Ne6+ Ke3 92. Nc5 Rd8+ 93.
Ke5 Rh8 94. Kd5 Rh5+ 95. Kc4 Rh4+ 96. Kd5 Rh6 97. Kc4 Rd6 98. Nb3 Rc6+ 99. Nc5 Rc8 100. Kd5 Rd8+ 101. Ke5 1/2-1/2

[Event "*** Titled Tuesday 3|2 Blitz"]
[Site "Chess.com"]
[Date "2015.10.06"]
[Round "7"]
[White "GMVallejo"]
[Black "Tal-Baronfew"]
[Result "1/2-1/2"]
[WhiteElo "2671"]
[BlackElo "2747"]
[TimeControl "180+2"]
[EndTime "18:22:51 PDT"]
[Termination "Game drawn by agreement"]

1. e4 e6 2. d4 d5 3. Nd2 Nc6 4.
Ngf3 Nf6 5. e5 Nd7 6. Bd3 Nb4 7. Be2 c5 8. c3 Nc6 9. O-O Be7 10. Re1 O-O 11.
Nf1 f6 12. exf6 Nxf6 13. Bd3 a6 14. Bc2 Bd7 1/2-1/2

[Event "*** Titled Tuesday 3|2 Blitz"]
[Site "Chess.com"]
[Date "2015.10.06"]
[Round "7"]
[White "Makalexa"]
[Black "josiwales"]
[Result "1-0"]
[WhiteElo "1992"]
[BlackElo "2026"]
[TimeControl "180+2"]
[EndTime "18:24:01 PDT"]
[Termination "Makalexa won by resignation"]

1. e4 c5 2. Nf3 Nc6 3. Nc3 g6 4. d4 cxd4 5. Nxd4 Bg7 6. Be3 Nf6 7. Bc4 O-O 8. f3 Qb6 9. Bb3 Nxe4 10. Nxe4 Bxd4 11. Bxd4 Qxd4 12. Qxd4 Nxd4 13. O-O-O Nxb3+ 14. axb3 d6 15. Rhe1 Be6 16. g4 Rac8 17. Kb1 f5 18.
Ng5 Bd7 19. Rxe7 Bc6 20. Nxh7 Bxf3 21. Rxd6 fxg4 22. Rxg6+ Kh8 23. Nf6 1-0